 Dungeon Crawl Stone Soup version 0.24.0-123-gd5b16e6ec5 (webtiles) character file.

Game seed: 11825840177000425824, levelgen mode: deterministic

65 Legadrian the Insei (level 4, 0/33 HPs)
             Began as a Human Transmuter on Feb 11, 2020.
             Slain by an adder (2 damage)
             ... on level 2 of the Dungeon.
             The game lasted 00:07:02 (1526 turns).

Legadrian the Insei (Human Transmuter)              Turns: 1526, Time: 00:07:02

Health: 0/33       AC:  2    Str: 11    XL:     4   Next: 34%
Magic:  7/7        EV: 12    Int: 14    God:
Gold:   55         SH:  0    Dex: 13    Spells: 1/7 levels left

rFire    . . .     SeeInvis .     - Unarmed
rCold    . . .     Gourm    .   (no shield)
rNeg     . . .     Faith    .   b - +0 robe
rPois    .         Spirit   .   (no helmet)
rElec    .         Reflect  .   (no cloak)
rCorr    .         Harm     .   (no gloves)
MR       .....                  (no boots)
Stlth    +.........             (no amulet)
HPRegen  0.11/turn              (no ring)
MPRegen  0.10/turn              (no ring)

@: lethally poisoned (0 -> -12)
A: no striking features
a: no special abilities


You were on level 2 of the Dungeon.
You were hungry.

You visited 1 branch of the dungeon, and saw 2 of its levels.

You collected 55 gold pieces.

Inventory:

Missiles
 a - 82 arrows
 h - 80 stones (quivered)
 k - 6 javelins
Armour
 b - a +0 robe (worn)
 g - a +1 ring mail of magic resistance
Scrolls
 c - 2 scrolls of identify {unknown}
 e - a scroll of teleportation {unknown}
 j - a scroll of immolation {unknown}
 n - a scroll of enchant armour {unknown}
Potions
 f - a potion of mutation {unknown}
 i - 2 potions of curing
 l - a potion of berserk rage {unknown}
 m - a potion of haste {unknown}
Comestibles
 d - 2 rations


   Skills:
 * Level 2.2 Fighting
 - Level 2.0 Dodging
 + Level 4.3 Unarmed Combat
 - Level 2.0 Spellcasting
 - Level 2.0 Transmutations


You had one spell level left.
You knew the following spells:

 Your Spells              Type           Power        Failure   Level  Hunger
a - Beastly Appendage     Tmut           #.....       11%         1    ##.....
b - Sticks to Snakes      Tmut           #.......     16%         2    ###....
c - Spider Form           Tmut/Pois      #.........   43%         3    ####...

Your spell library contained the following spells:

 Spells                   Type           Power        Failure   Level  Hunger
 Ice Form                 Ice/Tmut       #.......     83%         4    #####..
 Blade Hands              Tmut           #.........   96%         5    ######.


Dungeon Overview and Level Annotations

Branches:
Dungeon (2/15)

Altars:
Makhleb
Xom


Message History

The adder is heavily wounded.
You feel sick. The adder bites you. The kobold hits you but does no damage.
You miss the adder.
The adder is heavily wounded.
You feel sick. The adder bites you.
You are more poisoned.
The adder poisons you! The kobold misses you.
* * * LOW HITPOINT WARNING * * *
You feel sick. The adder bites you.
* * * LOW HITPOINT WARNING * * *
The kobold closely misses you.
* * * LOW HITPOINT WARNING * * *
You feel sick.
* * * LOW HITPOINT WARNING * * *
You feel sick.
You closely miss the adder.
The adder is heavily wounded.
* * * LOW HITPOINT WARNING * * *
You feel sick. The adder closely misses you. The adder bites you.
You die...

....# #........ ....#
##....[.. ....#
#....... ###.#
######......# #.#
#...##......### #.#
#...##........# ###.#
#...##...K....+
....####...#####S#...#
....'...........@#...#
....####......####...#
....# #......# #...#
....# #[.....# #....
##### ###....# ###$..
###### ....


You could see an adder and a kobold.

Vanquished Creatures
  2 adders (D:2)
  A worm (D:2)
  4 dart slugs
  A leopard gecko (D:1)
  4 bats
  A giant cockroach (D:1)
  4 goblins (D:1)
  3 hobgoblins
  4 jackals (D:2)
  A quokka (D:2)
  4 frilled lizards
  2 kobolds
  5 rats
36 creatures vanquished.

Vanquished Creatures (collateral kills)
  A frilled lizard (D:1)
1 creature vanquished.

Grand Total: 37 creatures vanquished

Notes
Turn   | Place    | Note
-------+----------+-------------------------------------------
     0 | D:1      | Legadrian the Human Transmuter began the quest for the Orb.
     0 | D:1      | Reached XP level 1. HP: 15/15 MP: 3/3
   279 | D:1      | Reached XP level 2. HP: 19/21 MP: 5/5
   286 | D:1      | Learned a level 2 spell: Sticks to Snakes
   674 | D:1      | Reached XP level 3. HP: 23/26 MP: 6/6
   682 | D:1      | Learned a level 3 spell: Spider Form
  1030 | D:2      | Reached skill level 4 in Unarmed Combat
  1132 | D:2      | Reached XP level 4. HP: 25/33 MP: 0/7
  1455 | D:2      | Found a shimmering altar of Xom.
  1456 | D:2      | Found a burning altar of Makhleb.
  1526 | D:2      | Slain by an adder

Levels and vault maps discovered:
D:1:      ebering_trefoil_twist, layout_loops_ring,
          chequers_serial_rivers_micro_d
D:2:      layout_basic, nicolae_overflow_hidden_temple

Skill      XL: |  1  2  3 |
---------------+----------+-----
Unarmed Combat | 4 |  4.3
Fighting       | 2 |  2.2
Dodging        | |  2.0
Spellcasting   | |  2.0
Transmutations | |  2.0

Action                   |  1- 3 |  4- 6 || total
-------------------------+-------+-------++-------
Melee: Unarmed           |   118 |    32 ||   150
       Punch             |       |     1 ||     1
 Cast: Sticks to Snakes  |     1 |       ||     1
       Spider Form       |     2 |       ||     2
  Use: Potion            |       |     1 ||     1
 Stab: Distracted        |     1 |       ||     1
       Sleeping          |       |     1 ||     1
  Eat: Chunk             |     1 |     1 ||     2
Armor: Robe              |    15 |     5 ||    20
       Ring mail         |    13 |       ||    13
       Skin              |     4 |     1 ||     5
Dodge: Dodged            |    64 |    25 ||    89
